 Dungeon Crawl Stone Soup version 0.31-a0-187-gba352fbbf7 (webtiles) character file.

Game seed: 16503099404274406735

186 qw the Skirmisher (level 5, -8/29 HPs)
             Began as a Deep Elf Hunter on June 22, 2023.
             Killed from afar by a steam dragon (23 damage)
             ... with a ball of steam
             ... on level 4 of the Dungeon.
             The game lasted 00:00:55 (2585 turns).

qw the Skirmisher (Deep Elf Hunter)                 Turns: 2585, Time: 00:00:56

Health: -8/29      AC:  4    Str: 10    XL:     5   Next: 38%
Magic:  0/7        EV: 12    Int: 14    God:
Gold:   139        SH:  0    Dex: 18    Spells: 4/4 levels left

rFire   . . .        Y - +0 shortbow
rCold   . . .        (shield currently unavailable)
rNeg    . . .        c - +0 leather armour
rPois   .            (no helmet)
rElec   .            g - +0 cloak
rCorr   .            (no gloves)
SInv    +            (no boots)
Will    .....        e - amulet of guardian spirit
Stlth   ++           i - ring of see invisible
HPRegen 0.24/turn    (no ring)
MPRegen 0.10/turn

%: guardian spirit
@: no status effects
A: no striking features
a: no special abilities


You were on level 4 of the Dungeon.
You visited 1 branch of the dungeon, and saw 4 of its levels.

You collected 139 gold pieces.


   Skills:
 - Level 1.5 Fighting
 + Level 8.9 Ranged Weapons
 - Level 2.4 Dodging
 - Level 1.2 Stealth


You had 4 spell levels left.
You didn't know any spells.
Your spell library was empty.

Inventory:

Hand Weapons
 Y - a +0 shortbow (weapon)
Armour
 c - a +0 leather armour (worn)
 g - a +0 cloak (worn)
Jewellery
 e - an amulet of guardian spirit (around neck)
 i - a ring of see invisible (left hand)
Scrolls
 a - a scroll of enchant armour {unknown}
 b - a scroll of teleportation
 h - a scroll of identify
Potions
 d - a potion of cancellation
 f - a potion of haste
 j - a potion of enlightenment {unknown}

Dungeon Overview and Level Annotations

Branches:
Dungeon (4/15)
 Temple: D:4-7

Altars:
Nemelex Xobeh
Zin
The Shining One


Message History

You shoot an arrow.
The arrow closely misses the giant cockroach.
The giant cockroach closely misses you.
The giant cockroach bites you but does no damage.
You shoot an arrow. The arrow hits the giant cockroach.
You kill the giant cockroach!
You start resting.
HP restored.
You see here a giant cockroach corpse.
A steam dragon comes into view.
Found 11 gold pieces.
You shoot an arrow. The steam dragon hisses angrily.
The arrow hits the steam dragon.
The steam dragon is lightly wounded.
You shoot an arrow. The arrow hits the steam dragon.
The steam dragon is moderately wounded.
The steam dragon breathes steam at you. The ball of steam misses you.
You hear a bark!
Something shouts, "Get thee hence, thou skyhacking sheep-biting slabber!"
2581 ||| Stepping ~*~*~tactically~*~*~ (cloud).
You shoot an arrow. The arrow hits the steam dragon.
The steam dragon is moderately wounded.
A hound comes into view.
An endoplasm comes into view.
You shoot an arrow.
The arrow closely misses the steam dragon.
You shoot an arrow.
The arrow closely misses the steam dragon.
The steam dragon breathes steam at you. The ball of steam hits you!
You hear an angry hiss.
You shoot an arrow. The arrow hits the steam dragon.
The steam dragon is moderately wounded.
You are engulfed in a cloud of scalding steam.
The hound bites you. The steam dragon breathes steam at you.
The ball of steam hits you!!
Ouch! That really hurt!
You die...

##.###
##%.......
#...###.#######.
###.....#
####..# ##.##
##.# #.# #.##
#h@# #ยค.D...#
........##
..J.........
..........##.
........... ..
#.....$..##+ #
###...#..#


You could see a steam dragon (catching breath), a hound and an endoplasm.

Vanquished Creatures
  A jelly (D:4)
  Natasha (thrice) (D:2)
  2 adders (D:2)
  A worm (D:3)
  2 dart slugs
  4 ball pythons
  4 bats
  9 endoplasms
  3 giant cockroaches
  6 goblins
  5 hobgoblins
  2 quokkas
  6 frilled lizards
  6 kobolds
  5 rats
59 creatures vanquished.

Notes
Turn   | Place    | Note
-------+----------+-------------------------------------------
     0 | D:1      | qw the Deep Elf Hunter began the quest for the Orb.
     0 | D:1      | Reached XP level 1. HP: 12/12 MP: 3/3
     0 | D:1      | 0 ||| qw: Version: 0.3-a-9-g12657ce
     0 | D:1      | 0 ||| qw: Game counter: 2137
     0 | D:1      | 0 ||| qw: Always use a shield: true
     0 | D:1      | 0 ||| qw: God list: Okawaru
     0 | D:1      | 0 ||| qw: Allow faded altars: false
     0 | D:1      | 0 ||| qw: Do Orc after D:15 true
     0 | D:1      | 0 ||| qw: Do second Lair branch before Depths: true
     0 | D:1      | 0 ||| qw: Lair rune preference: random
     0 | D:1      | 0 ||| qw: Plans: Normal
     0 | D:1      | 0 ||| PLANNING D:1-11
    87 | D:1      | HP: 3/12 [goblin/+0 club (3)]
   175 | D:1      | 175 ||| FLEEEEING.
   176 | D:1      | 176 ||| FLEEEEING.
   177 | D:1      | 177 ||| FLEEEEING.
   178 | D:1      | 178 ||| FLEEEEING.
   179 | D:1      | 179 ||| FLEEEEING.
   180 | D:1      | 180 ||| FLEEEEING.
   386 | D:1      | Reached skill level 6 in Ranged Weapons
   386 | D:1      | Reached XP level 2. HP: 16/16 MP: 4/4
   605 | D:1      | Found a faded altar of an unknown god.
   770 | D:1      | Reached XP level 3. HP: 20/20 MP: 5/5
   862 | D:1      | 862 ||| READING scroll labelled NUXIVEXKER.
   863 | D:1      | 863 ||| READING scroll labelled ZOODIE YSEPN.
   864 | D:1      | 864 ||| DRINKING 2 emerald potions.
   865 | D:1      | 865 ||| DROPPING scroll of butterflies.
  1029 | D:2      | Reached skill level 7 in Ranged Weapons
  1242 | D:2      | Noticed Natasha
  1247 | D:2      | Killed Natasha
  1248 | D:2      | Reached XP level 4. HP: 21/25 MP: 6/6
  1254 | D:2      | Noticed Natasha
  1263 | D:2      | Killed Natasha
  1376 | D:2      | Reached skill level 8 in Ranged Weapons
  1482 | D:2      | Noticed Natasha
  1494 | D:2      | HP: 5/25 [cerulean imp/+2 spear[Natasha] (3)]
  1495 | D:2      | Killed Natasha
  1679 | D:2      | Found a glowing golden altar of the Shining One.
  1687 | D:2      | 1687 ||| UPGRADING to amulet of guardian spirit.
  1692 | D:2      | 1692 ||| UPGRADING to ring of see invisible.
  1693 | D:2      | 1693 ||| READING scroll labelled NOGGUM MUEHEPE.
  1694 | D:2      | 1694 ||| READING scroll labelled TEPROV SOTZUESING.
  1775 | D:3      | Reached XP level 5. HP: 29/29 MP: 7/7
  1896 | D:3      | Found a glowing silver altar of Zin.
  1903 | D:3      | Found a sparkling altar of Nemelex Xobeh.
  2381 | D:3      | 2381 ||| UPGRADING to +0 cloak.
  2386 | D:3      | 2386 ||| READING 2 scrolls labelled PEGUDU UZACIP.
  2390 | D:3      | 2390 ||| READING scroll labelled VUTEME MUSUCA.
  2391 | D:3      | 2391 ||| READING 3 scrolls of identify.
  2391 | D:3      | 2391 ||| IDENTIFYING smoky yellow potion
  2392 | D:3      | 2392 ||| READING 2 scrolls of identify.
  2392 | D:3      | 2392 ||| IDENTIFYING red potion
  2393 | D:3      | 2393 ||| DROPPING potion of brilliance.
  2395 | D:3      | 2395 ||| Stepping ~*~*~tactically~*~*~ (cloud).
  2401 | D:3      | HP: 7/29 [poisoned by you (poison gas)]
  2578 | D:4      | Noticed a steam dragon
  2581 | D:4      | 2581 ||| Stepping ~*~*~tactically~*~*~ (cloud).
  2585 | D:4      | Killed from afar by a steam dragon

Levels and vault maps discovered:
D:1:      sevenhm_arrival_forest_fort_large_4, layout_basic,
          shapermc_ecumenical_altar_acropolis
D:2:      layout_basic, basic_altar, uniq_natasha
D:3:      layout_loops_cross, mainiacjoe_overflow_big_doors
D:4:      layout_layer_cave, general_overflow_altar

Skill      XL: |  1  2  3  4 |
---------------+-------------+-----
Ranged Weapons | 6 7 8 |  8.9
Fighting       | |  1.5
Dodging        | |  2.4
Stealth        | |  1.2

Action                     |  1- 3 |  4- 6 || total
---------------------------+-------+-------++-------
   Fire: Shortbow          |    94 |    99 ||   193
    Use: Scroll            |     2 |     6 ||     8
         Potion            |     1 |       ||     1
 Armour: Leather armour    |     5 |    14 ||    19
  Dodge: Dodged            |    11 |    41 ||    52

Table legend:
 A = Non-vault XP
 B = Vault XP
 C = Vault XP percentage of total XP
 D = Non-vault monster count
 E = Vault monster count
 F = Vault count percentage of total count
                 A         B        C        D         E       F
            +---------+---------+-------+---------+---------+-------
      Total |     231 |      35 |  13.2 |      58 |       1 |   1.7
            +---------+---------+-------+---------+---------+-------
        D:1 |      45 |       0 |   0.0 |      25 |       0 |   0.0
        D:2 |     112 |      35 |  23.8 |      16 |       1 |   5.9
        D:3 |      29 |       0 |   0.0 |      15 |       0 |   0.0
        D:4 |      45 |       0 |   0.0 |       2 |       0 |   0.0
            +---------+---------+-------+---------+---------+-------
